 Dungeon Crawl Stone Soup version 0.31.0-9-g3a7656b989 (webtiles) character file.

Game seed: 12344237312556767698

123 Arcadio the Trooper (level 5, 0/42 HPs)
             Began as a Human Monk on Jan 24, 2024.
             Slain by an orc wizard
             ... wielding a +0 dagger
              (4 damage)
             ... on level 3 of the Dungeon.
             The game lasted 00:03:04 (2557 turns).

Arcadio the Trooper (Human Monk)                    Turns: 2557, Time: 00:03:04

Health: 0/42       AC:  2    Str:  9 (11) XL:     5   Next: 7%
Magic:  5/5        EV: 13    Int:  8 (11) God:
Gold:   62         SH:  0    Dex: 15 (17) Spells: 4/4 levels left

rFire   . . .        p - +3 short sword
rCold   . . .        d - orb {light}
rNeg    . . .        b - +0 robe
rPois   .            (no helmet)
rElec   .            (no cloak)
rCorr   .            (no gloves)
SInv    .            (no boots)
Will    .....        (no amulet)
Stlth   +            k - ring of flight
HPRegen 0.27/turn    (no ring)
MPRegen 0.09/turn

%: no passive effects
@: confused, flying, glowing
A: explore regen
a: no special abilities


You were on level 3 of the Dungeon.
You visited 1 branch of the dungeon, and saw 4 of its levels.

You collected 62 gold pieces.

Inventory:

Hand Weapons
 a - a +0 falchion
 p - a +3 short sword (weapon)
Armour
 b - a +0 robe (worn)
 d - an orb of light (worn)
 f - a +0 plate armour
 l - a +0 buckler
Jewellery
 k - a ring of flight (left hand)
Scrolls
 g - 4 scrolls of teleportation
 h - a scroll of revelation {unknown}
 i - a scroll of poison {unknown}
 n - a scroll of immolation {unknown}
 o - a scroll of identify {unknown}
Potions
 c - a potion of ambrosia
 e - a potion of might {unknown}
 j - a potion of haste {unknown}
 m - a potion of enlightenment {unknown}
 q - a potion of degeneration
 r - a potion of curing {unknown}


   Skills:
 + Level 4.1 Fighting
 + Level 4.0 Long Blades
 + Level 4.0 Dodging


You had 4 spell levels left.
You didn't know any spells.
Your spell library contained the following spells:

 Spells                   Type           Power      Damage    Failure   Level
 Chain Lightning          Conj/Air       0%         N/A       100%        9
 Fire Storm               Conj/Fire      0%         5d1       100%        9
 Shatter                  Erth           0%         3d5*      100%        9


Dungeon Overview and Level Annotations

Branches:
Dungeon (4/15)
 Temple: D:4-7

Altars:


Innate Abilities, Weirdness & Mutations

You regain HP and MP as you explore.


Message History

You see here a +0 leather armour.
The orc wizard shouts!
The orc closely misses you.
The orc wizard casts a spell.
The orc wizard flickers and vanishes for a moment.
You hit the orc but do no damage. The orc hits you with a +0 short sword.
The orc wizard points at you and mumbles some strange words.
You are confused.
You barely miss the orc. The orc barely misses you.
The orc wizard barely misses you. The orc hits you with a +0 short sword.
You hit the orc wizard but do no damage.
The orc misses you. The orc wizard closely misses you.
The orc hits you with a +0 short sword.
The orc wizard hits you with a +0 dagger.
You completely miss the orc. The orc completely misses you.
The orc wizard gestures at you while chanting.
The magic dart hits you! The orc hits you with a +0 short sword.
The orc wizard misses you.
You closely miss the orc wizard.
You bump into the rock wall.
The orc hits you with a +0 mace! The orc wizard barely misses you.
The orc closely misses you.
The orc wizard gestures at you while chanting.
The magic dart hits you.
Unknown command.
You feel less confused. The orc hits you with a +0 mace!
* * * LOW HITPOINT WARNING * * *
The orc wizard casts a spell at you.
You are confused.
The orc hits you with a +0 short sword.
* * * LOW HITPOINT WARNING * * *
You bump into the rock wall.
The orc misses you. The orc closely misses you.
The orc wizard hits you with a +0 dagger.
* * * LOW HITPOINT WARNING * * *
It was a potion of degeneration.
There was something very wrong with that liquid.
You feel weakened.
You feel dopey.
You feel clumsy. The orc closely misses you. The orc barely misses you.
The orc wizard hits you with a +0 dagger.
You die...

#.#####.#
###.###.# #.#
#.# #.......#
#.# #.#####
#.#.##### #.#
#.....# #.#.#
#.# #####.#
#...# #.# #.#
##?.#
#.#########.#
#[.#
#.##........#
#..#
#.##.########
#@o# #.##.#
#oo# .....#
#oo# #.####
#..# #.# #..#
..# #..# ###
#..# #..#
#..#


You could see 2 orc wizards and 3 orcs.

Vanquished Creatures
  Terence (D:3)
  3 adders (D:2)
  2 dart slugs (D:2)
  3 ribbon worms
  2 orcs (D:3)
  7 ball pythons
  3 bats
  5 endoplasms
  5 giant cockroaches
  2 goblins (D:2)
  5 hobgoblins
  9 kobolds
  A quokka (D:1)
  3 frilled lizards
  5 rats
56 creatures vanquished.

Notes
Turn   | Place    | Note
-------+----------+-------------------------------------------
     0 | D:1      | Arcadio the Human Monk began the quest for the Orb.
     0 | D:1      | Reached XP level 1. HP: 18/18 MP: 1/1
   235 | D:1      | Reached XP level 2. HP: 24/24 MP: 2/2
  1174 | D:2      | Reached XP level 3. HP: 29/29 MP: 3/3
  1545 | D:2      | Reached XP level 4. HP: 24/37 MP: 4/4
  2286 | D:3      | Noticed Terence
  2315 | D:3      | Killed Terence
  2409 | D:4      | Reached XP level 5. HP: 28/42 MP: 5/5
  2557 | D:3      | Slain by an orc wizard

Illustrated notes

Levels and vault maps discovered:
D:1:      matt_arrival_grand_opening, layout_basic
D:2:      layout_loops_cross
D:3:      layout_loops_ring, uniq_terence
D:4:      layout_basic, serial_shops, shop

Skill      XL: |  1  2  3  4  5 |
---------------+----------------+-----
Fighting       | 4 |  4.1
Long Blades    | 4 |  4.0
Dodging        | 4 |  4.0

Action                     |  1- 3 |  4- 6 || total
---------------------------+-------+-------++-------
  Melee: Falchion          |    75 |    28 ||   103
         Short sword       |       |    63 ||    63
    Use: Scroll            |     1 |       ||     1
         Potion            |       |     1 ||     1
 Armour: Robe              |    31 |    47 ||    78
  Dodge: Dodged            |    48 |    57 ||   105
